Map: Prion Terraces

Players

llllllllllll

  • Race: Zerg Zerg
  • League: Grandmaster

HeZNa - Winner!

  • Race: Terran Terran
  • League: Master

VOD

Have the link to the VOD?

Description

Time

  • Played on: Dec. 8, 2015, 1:24 p.m.
  • Length: 11:07
Show
View Real Time Build Order
Export as new Build Order

llllllllllll Zerg 

Build Orders: Hatch First 

Get SALT Encoding   

  12  0:01  Drone  
  13  0:12  Overlord  
  13  0:18  Drone  
  14  0:30  Drone x2  
  14  0:34  Drone  
  17  0:45  Drone  
  18  0:57  Hatchery  
  18  0:59  Drone  
  18  1:05  Extractor  
  17  1:12  Spawning Pool  
  17  1:17  Drone  
  17  1:19  Drone  
  18  1:28  Drone  
  19  1:41  Overlord  
  19  1:52  Drone  
  20  2:09  Drone  
  20  2:10  Zergling x2  
  20  2:11  Queen  
  20  2:12  Extractor, Queen  
  20  2:13  Drone  
  26  2:17  Metabolic Boost  
  26  2:21  Drone  
  27  2:23  Drone  
  29  2:33  Drone, Zergling x2  
  31  2:38  Baneling Nest  
  31  2:42  Zergling x2  
  31  2:44  Zergling x2  
  31  2:55  Zergling x4  
  34  3:06  Overlord  
  34  3:09  Drone  
  35  3:15  Drone  
  36  3:20  Extractor  
  36  3:21  Overlord, Queen  
  36  3:22  Hatchery  
  36  3:28  Drone  
  36  3:29  Drone  
  36  3:31  Drone x2  
  36  3:32  Overlord  
  40  3:34  Drone  
  40  3:37  Drone x2  
  43  3:46  Drone x2  
  45  3:50  Roach Warren  
  46  3:55  Drone x2  
  46  4:05  Drone  
  47  4:10  Drone x2  
  47  4:15  Drone x2, Extractor x2  
  47  4:16  Drone x2  
  47  4:17  Drone  
  52  4:30  Roach x2  
  56  4:32  Roach  
  56  4:34  Lair  
  56  4:38  Roach  
  60  4:40  Drone x3  
  60  4:41  Drone x3  
  60  4:44  Overlord x2  
  66  4:57  Hatchery  
  65  5:00  Evolution Chamber, Queen  
  65  5:02  Evolution Chamber  
  65  5:08  Drone x3, Spore Crawler  
  65  5:09  Spore Crawler, Roach  
  65  5:10  Roach  
  65  5:11  Ravager  
  65  5:12  Ravager x3  
  74  5:15  Roach  
  74  5:16  Drone  
  74  5:20  Drone x2  
  79  5:25  Drone x2  
  79  5:27  Drone  
  77  5:39  Drone x2  
  77  5:40  Drone  
  77  5:42  Zerg Missile Weapons Level 1, Zerg Ground Armor Level 1  
  79  5:49  Drone x2  
  81  5:50  Drone  
  81  5:52  Spine Crawler  
  81  5:53  Spore Crawler  
  81  5:55  Extractor  
  81  5:56  Extractor  
  78  5:58  Glial Reconstitution  
  78  6:04  Drone x3  
  81  6:06  Drone  
  81  6:09  Drone x2, Spine Crawler x2  
  81  6:10  Drone  
  83  6:11  Overlord x2  
  83  6:14  Drone  
  83  6:15  Drone x3  
  75  6:44  Drone  
  75  6:45  Drone x10  
  69  6:49  Drone x3  
  67  6:54  Queen  
  67  6:57  Roach  
  67  6:58  Roach x5  
  81  7:05  Roach x2  
  85  7:09  Roach x2  
  85  7:15  Roach  
  91  7:29  Roach  
  103  7:30  Roach x5  
  103  7:35  Overlord x2  
  103  7:36  Overlord  
  97  7:50  Drone  
  97  7:51  Drone x3  
  93  7:53  Drone x4  
  93  7:56  Drone  
  93  7:57  Drone x3  
  100  8:01  Drone x2  
  100  8:05  Drone  
  103  8:06  Drone  
  103  8:12  Drone  
  105  8:13  Drone x2  
  105  8:14  Drone  
  105  8:18  Drone x2  
  110  8:22  Ravager x3  
  110  8:23  Ravager  
  110  8:31  Drone  
  110  8:33  Drone x5  
  110  8:34  Drone  
  83  8:50  Roach x13  
  109  9:01  Drone x2  
  109  9:02  Drone x2  
  113  9:07  Roach  
  113  9:08  Hydralisk Den  
  114  9:11  Hatchery  
  114  9:16  Ravager x5  
  119  9:17  Ravager  
  119  9:20  Ravager x2  
  119  9:21  Ravager  
  122  9:28  Spine Crawler  
  122  9:31  Drone x2, Spine Crawler x2  
  122  9:32  Spore Crawler  
  122  9:37  Drone x2  
  122  9:38  Spine Crawler, Hydralisk  
  121  9:39  Hydralisk  
  121  9:40  Hydralisk  
  121  9:41  Overlord  
  121  9:42  Overlord x2  
  96  10:02  Roach  
  96  10:03  Roach x11  
  96  10:04  Hydralisk  
  103  10:09  Roach x2  
  99  10:18  Roach x2  
  99  10:19  Roach x2  
  104  10:28  Roach x4  
Show
View Real Time Build Order
Export as new Build Order

HeZNa Terran - Winner!

Build Orders: Liberator Opening, Reaper Expand, MMM Bio 

Get SALT Encoding   

  12  0:01  SCV  
  13  0:13  SCV  
  14  0:18  Supply Depot  
  14  0:25  SCV  
  15  0:40  SCV  
  15  0:41  Barracks  
  16  0:50  Refinery  
  16  0:52  SCV  
  18  1:04  SCV  
  18  1:16  SCV  
  19  1:29  Orbital Command  
  19  1:35  Reaper  
  19  1:39  Command Center  
  20  1:50  Supply Depot  
  20  1:55  SCV  
  21  2:07  Marine  
  22  2:12  SCV  
  22  2:14  Factory  
  23  2:26  SCV  
  23  2:28  Refinery  
  24  2:35  Barracks Reactor  
  24  2:38  SCV  
  25  2:50  SCV  
  26  3:01  Supply Depot x2  
  26  3:02  Supply Depot  
  26  3:06  SCV  
  26  3:07  Supply Depot  
  27  3:20  Starport  
  27  3:22  Hellion x2  
  27  3:24  Orbital Command  
  31  3:27  Barracks Reactor  
  31  3:37  SCV  
  32  3:43  Hellion x2  
  36  3:49  SCV  
  36  3:51  SCV  
  36  3:52  Liberator  
  36  3:54  Liberator  
  38  4:02  SCV  
  39  4:05  Hellion x2  
  39  4:08  SCV  
  50  4:17  SCV  
  50  4:18  Barracks Tech Lab  
  50  4:22  SCV  
  52  4:30  Hellion x2  
  52  4:31  SCV  
  56  4:37  Orbital Command  
  56  4:44  Stimpack  
  56  4:45  Supply Depot, Bunker  
  56  4:46  SCV  
  56  4:47  Supply Depot  
  57  4:55  Liberator  
  57  4:59  SCV  
  58  5:03  SCV, Refinery  
  59  5:11  SCV  
  63  5:15  SCV  
  64  5:38  SCV  
  64  5:39  Liberator  
  64  5:42  SCV, Liberator  
  63  5:43  Factory Tech Lab  
  63  5:46  Engineering Bay  
  63  5:47  Engineering Bay  
  63  5:49  Marauder  
  65  5:51  Barracks  
  65  5:52  Command Center  
  65  5:54  SCV  
  69  6:00  SCV  
  73  6:12  SCV  
  73  6:15  Marauder  
  76  6:20  SCV  
  76  6:21  Barracks  
  76  6:22  Barracks  
  76  6:23  Refinery  
  76  6:24  SCV, Barracks  
  78  6:32  SCV  
  79  6:36  Marine  
  77  6:43  SCV  
  72  6:48  Concussive Shells  
  72  6:49  Medivac, Siege Tank, Marine x2  
  72  6:54  SCV, Marauder  
  80  7:00  Barracks x2  
  79  7:02  Terran Infantry Weapons Level 1  
  79  7:05  SCV, Supply Depot  
  79  7:06  SCV, Supply Depot  
  81  7:09  Terran Infantry Armor Level 1  
  81  7:17  SCV  
  81  7:21  Barracks Tech Lab x2, Marine  
  81  7:22  Barracks Reactor, Marauder  
  85  7:24  Orbital Command  
  85  7:25  SCV  
  86  7:34  Medivac x2  
  89  7:37  Marine  
  89  7:41  Marauder  
  89  7:43  Marauder  
  91  7:47  SCV  
  90  7:54  SCV  
  90  7:56  Barracks Tech Lab  
  83  7:58  Barracks Reactor, Orbital Command  
  83  7:59  Marine x4  
  83  8:00  Siege Tank, Marauder  
  92  8:10  Marauder, Marine  
  95  8:14  SCV  
  96  8:21  Marauder  
  96  8:26  Marauder, Marine x2  
  102  8:27  Refinery  
  102  8:28  Marauder, Marine x2  
  102  8:31  Refinery  
  106  8:40  Marine x2  
  106  8:41  Marauder  
  105  8:42  Marauder  
  105  8:44  Medivac x2  
  105  8:46  SCV  
  105  8:47  SCV  
  105  8:48  Marauder  
  113  8:50  SCV  
  113  8:51  Marine, Marauder  
  117  8:59  SCV  
  117  9:02  Armory, Marauder, Marine x5  
  124  9:08  Combat Shields  
  125  9:15  Barracks  
  125  9:19  Marauder x2  
  125  9:22  Supply Depot  
  125  9:23  Marine x4  
  125  9:24  Supply Depot, Marine x2  
  135  9:32  Marine  
  135  9:33  Marauder  
  138  9:40  Marauder, Marine  
  138  9:44  Marine  
  138  9:45  Supply Depot  
  142  9:47  Supply Depot  
  142  9:51  Marauder  
  118  10:06  Marine  
  118  10:07  Marauder x3, Marine x5  
  125  10:21  Marauder, Marine  
  122  10:24  Marine x3  
  122  10:25  Medivac x2  
  136  10:28  Marauder x2  
  136  10:29  Marauder  
  134  10:43  Marine x2  
  134  10:44  Marauder, Marine x3  
  134  10:45  Barracks Tech Lab  
  134  10:46  Marine  
Tags
 
Add a new tag
Caveats
  • Supply blocks, unpowered buildings, or Contaminate may cause inaccurate times.
  • Supply counts are checked every 10 seconds.